 Dungeon Crawl Stone Soup version 0.32-a0-613-g40f424ee2b (webtiles) character file.

Game seed: 8327247109489915769

143472 Jannitor the Skirmisher (level 16, -7/128 HPs)
             Began as a Demonspawn Hedge Wizard on Mar 4, 2024.
             Was the Champion of Beogh.
             Mangled by a spriggan defender simulacrum (16 damage)
             ... summoned by an orange crystal statue
             ... in an ice cave on Mar 5, 2024.
             The game lasted 01:02:57 (28740 turns).

Jannitor the Skirmisher (Demonspawn Hedge Wizard)  Turns: 28740, Time: 01:02:58

Health: -7/128     AC: 21    Str: 13    XL:     16   Next: 82%
Magic:  23/29      EV: 13    Int: 17    God:    Beogh [******]
Gold:   1949       SH: 14    Dex: 21    Spells: 15/33 levels left

rFire   . . .        X - +9 demon trident (elec)
rCold   + . .        Y - +2 kite shield {rC+}
rNeg    . . .        P - +2 scale mail {rPois}
rPois   +            n - +2 helmet
rElec   .            (no cloak)
rCorr   .            e - +2 pair of gloves
SInv    .            (no boots)
Will    ++...        W - amulet of magic regeneration
Stlth   +            Q - ring of the Dropbear {Will+ Dex+5}
HPRegen 0.41/turn    t - +4 ring of protection
MPRegen 0.61/turn

%: no passive effects
@: studying Shields, invisible
A: walk on water, claws 2, spiny 2, demonic magic 1, poison resistance
a: Renounce Religion, Smiting, Recall Apostles, Blood for Blood, Dismiss
Margrim, warrior, Dismiss Boderik, warrior, Dismiss Boghold, warrior


You were in an ice cave.
You worshipped Beogh.
Beogh was exalted by your worship.
You visited 4 branches of the dungeon, and saw 26 of its levels.
You also visited: Gauntlet and Ice Cave.

You collected 2722 gold pieces.
You spent 773 gold pieces at shops.

Inventory:

Hand Weapons
 X - a +9 demon trident of electrocution (weapon)
Missiles
 D - 2 throwing nets
Armour
 e - a +2 pair of gloves (worn)
 n - a +2 helmet (worn)
 r - a +0 crystal plate armour
 P - a +2 scale mail of poison resistance (worn)
 Y - a +2 kite shield of cold resistance (worn)
Jewellery
 a - a ring of willpower
 t - a +4 ring of protection (right hand)
 L - a ring of see invisible
 Q - the ring of the Dropbear (left hand) {Will+ Dex+5}
   (You bought it in a shop on level 2 of the Orcish Mines)

   [ring of willpower]

   Dex+5:     It affects your dexterity (+5).
   Will+:     It increases your willpower.
 U - a +4 ring of slaying
 W - an amulet of magic regeneration (around neck)
 Z - a ring of flight
Wands
 l - a wand of warping (28)
 v - a wand of charming (28)
 A - a wand of light (31)
 E - a wand of polymorph (10)
 M - a wand of flame (38)
 V - a wand of mindburst (10)
Scrolls
 b - a scroll of silence
 f - a scroll of enchant weapon
 j - 6 scrolls of poison
 m - 5 scrolls of enchant armour
 p - 4 scrolls of noise
 s - 5 scrolls of vulnerability
 x - 2 scrolls of identify
 y - 11 scrolls of teleportation
 z - 3 scrolls of fog
 F - 3 scrolls of fear
 G - 6 scrolls of amnesia
 I - 5 scrolls of immolation
 K - 2 scrolls of brand weapon
 R - 4 scrolls of revelation
Potions
 d - 4 potions of magic
 g - a potion of haste
 o - 6 potions of enlightenment
 q - a potion of might
 u - 5 potions of invisibility
 w - 6 potions of curing
 B - 3 potions of attraction
 C - a potion of ambrosia
 H - 3 potions of mutation
 J - a potion of berserk rage
 O - a potion of brilliance
 S - 3 potions of lignification
Miscellaneous
 h - a tin of tremorstones (2/2)
 k - a phantom mirror


   Skills:
 - Level 12.3 Fighting
 * Level 8.6 Polearms
 - Level 13.1 Ranged Weapons
 + Level 8.4 Armour
 - Level 8.9 Dodging
 - Level 1.8 Stealth
 + Level 8.6 Shields
 - Level 9.0 Spellcasting
 - Level 2.1 Conjurations
 - Level 6.1 Hexes
 - Level 2.0 Summonings
 - Level 7.5 Necromancy
 - Level 5.8 Translocations
 - Level 0.4 Air Magic
 - Level 6.2 Earth Magic
 - Level 0.3 Alchemy
 + Level 8.3 Invocations
 - Level 6.2 Evocations


You had 15 spell levels left.
You knew the following spells:

 Your Spells              Type           Power      Damage    Failure   Level
a - Magic Dart            Conj           56%        1d5       36%         1
b - Call Imp              Summ           28%        N/A       52%         2
c - Blink                 Tloc           54%        N/A       13%         2
d - Slow                  Hex            100%       N/A       8%          1
e - Mephitic Cloud        Conj/Alch/Air  10%        N/A       88%         3
f - Borgnjor's Vile Clut  Necr/Erth      15%        N/A       83%         5
h - Manifold Assault      Tloc           27%        N/A       63%         4

Your spell library contained the following spells:

 Spells                   Type           Power      Damage    Failure   Level
 Sandblast                Erth           56%        2d13      7%          1
 Lesser Beckoning         Tloc           54%        N/A       13%         2
 Passwall                 Erth           28%        N/A       22%         3
 Sigil of Binding         Hex            28%        N/A       22%         3
 Gell's Gravitas          Tloc           27%        N/A       26%         3
 Teleport Other           Tloc           27%        N/A       26%         3
 Cigotuvi's Dreadful Rot  Necr/Alch/Air  34%        N/A       41%         2
 Stone Arrow              Conj/Erth      42%        3d9       45%         3
 Dimensional Bullseye     Hex/Tloc       14%        N/A       61%         4
 Volatile Blastmotes      Fire/Tloc      34%        2d12      63%         3
 Freeze                   Ice            28%        1d5       67%         1
 Mercury Vapours          Alch/Air       16%        N/A       77%         2
 Call Canine Familiar     Summ           14%        N/A       77%         3
 Scorch                   Fire           14%        2d5       80%         2
 Animate Armour           Summ/Erth      42%        N/A       86%         4
 Brom's Barrelling Bould  Conj/Erth      21%        2d4       86%         4
 Iskenderun's Mystic Bla  Conj/Tloc      21%        2d6       87%         4
 Hailstorm                Conj/Ice       11%        3d6       88%         3
 Lee's Rapid Deconstruct  Erth           14%        3d9*      89%         5
 Leda's Liquefaction      Alch/Erth      9%         N/A       94%         4
 Petrify                  Alch/Erth      18%        N/A       94%         4
 Frozen Ramparts          Ice            14%        1d3       95%         3
 Flame Wave               Conj/Fire      11%        2d6       99%         4
 Fulminant Prism          Conj/Alch      5%         3d7       99%         4
 Summon Lightning Spire   Summ/Air       11%        N/A       99%         4
 Summon Forest            Summ/Tloc      10%        N/A       99%         5
 Sticky Flame             Fire/Alch      8%         2d4       100%        4
 Alistair's Intoxication  Alch           5%         N/A       100%        5
 Freezing Cloud           Conj/Ice/Air   5%         6-21      100%        5
 Metabolic Englaciation   Hex/Ice        9%         N/A       100%        5
 Dispersal                Tloc           13%        N/A       100%        6
 Eringya's Noxious Bog    Alch           4%         4d6       100%        6
 Sculpt Simulacrum        Ice/Alch       4%         N/A       100%        6
 Summon Cactus Giant      Summ           7%         N/A       100%        6
 Summon Hydra             Summ           7%         N/A       100%        7
 Disjunction              Tloc           13%        N/A       100%        8
 Lehudib's Crystal Spear  Conj/Erth      10%        10d4      100%        8


Dungeon Overview and Level Annotations

Branches:
Dungeon (15/15)            Temple (0/1) D:4            Lair (5/5) D:9
  Swamp (0/4) Lair:2       Spider (4/4) Lair:3        Slime (0/5) Lair:5
    Orc (2/2) D:12            Elf (0/3) Orc:2        Vaults (0/5) D:14
 Depths (0/4) D:15          IceCv (1/1)             Gauntlet (visited)

Altars:
Cheibriados
Gozag
Hepliaklqana
Kikubaaqudgha
Makhleb
Nemelex Xobeh
Okawaru
Qazlal
Ru
Sif Muna
Trog
Vehumet
Beogh
Jiyva

Shops:
Orc:2 =!=[[

Annotations:
D:3 Sigmund
D:9 3 runed translucent doors, Pascal76's ghost, novice MiFi
D:10 2 transporters
D:15 Roxanne IceCv exclusion: orange crystal statue


Innate Abilities, Weirdness & Mutations

You can walk on water.
Your facial features are unmistakably orcish.
You have very sharp fingernails.
You are mostly covered in sharp spines.
Spells you cast may paralyse adjacent enemies.
Your system is resistant to poisons. (rPois)


Message History

The spriggan defender simulacrum hits you.
The spriggan defender simulacrum freezes you!
You resist.
Unknown command.
Blink to where?
Press: ? - help, Dir - move target
As you read the scroll of blinking, it crumbles to dust.
The four-headed hydra simulacrum dissolves into shadows!
Reach: X) +9 demon trident (elec)
Press: ? - help, Dir - move target, f - spriggan defender simulacrum
Aim: a spriggan defender simulacrum (lightly damaged, summoned, about 39% to evade your +9 demon trident of electrocution)
You reach to attack!
You closely miss the spriggan defender simulacrum.
The spriggan defender simulacrum is lightly damaged.
You block the spriggan defender simulacrum's attack.
Reach: X) +9 demon trident (elec)
Press: ? - help, Dir - move target, f/p - spriggan defender simulacrum
Aim: a spriggan defender simulacrum (lightly damaged, summoned, about 39% to evade your +9 demon trident of electrocution)
You puncture the spriggan defender simulacrum!
The spriggan defender simulacrum is moderately damaged.
The spriggan defender simulacrum is struck by your spines.
The spriggan defender simulacrum hits you!
The spriggan defender simulacrum freezes you!
You resist.
You miss the spriggan defender simulacrum.
The spriggan defender simulacrum is moderately damaged.
You block the spriggan defender simulacrum's attack.
Unknown command.
You fade into invisibility!
The spriggan defender simulacrum hits you.
* * * LOW HITPOINT WARNING * * *
The spriggan defender simulacrum freezes you!!
You resist.
* * * LOW HITPOINT WARNING * * *
The spriggan defender simulacrum is struck by your spines.
The spriggan defender simulacrum hits you!
* * * LOW HITPOINT WARNING * * *
The spriggan defender simulacrum freezes you!
You resist.
You die...

#### #### ###.#.##
##..## #### I.Z....#
##....#####..####4......
#.......##.Z..##..Z.....
#.∩.∩..@Z...#.°.........
#..........###.Z.......#
##....##..##☼☼§#.Z.....#
##..#######§○###§.....#
#### #○. #..§....# ##.
##§....## .. #....## .#
##..## .. ...


You could see a spriggan defender simulacrum (summoned, unable to see you) and a
deep troll simulacrum (summoned, unable to see you).

Vanquished Creatures
  Azrael (Orc:2)
  A minotaur (Gauntlet)
  2 entropy weavers
  2 vault guards (D:14)
  5 hydras
  A ghost crab (Lair:2)
  A boulder beetle (Spider:2)
  A two-headed ogre (D:9)
  A tengu warrior (D:14)
  3 death yaks (Lair:3)
  3 demonic crawlers
  A shock serpent (shapeshifter) (D:15)
  A skyshark (Lair:3)
  3 skeletal warriors (D:14)
  A fire crab (shapeshifter) (D:14)
  2 pharaoh ants
  3 orb spiders
  A glowing orange brain (D:15)
  An arcanist (D:13)
  A lindwurm (Lair:3)
  A spriggan simulacrum (IceCv)
  2 steelbarb worms (Spider:2)
  3 deep elf pyromancers
  6 wolf spiders
  4 manticores
  4 cyclopes
  2 ugly things
  2 orc sorcerers (Orc:2)
  A moth of wrath (Spider:3)
  A worldbinder (Gauntlet)
  5 elephants
  2 meliai (D:13)
  3 black mambas (Lair:5)
  3 orange demons (Orc:2)
  A guardian serpent (Lair:5)
  5 cane toads
  A gargoyle (D:10)
  2 torpor snails
  A kobold demonologist (D:11)
  An efreet (D:14)
  2 rime drakes
  An anaconda simulacrum (IceCv)
  3 komodo dragons
  A hornet (Lair:5)
  A polar bear (Lair:5)
  A troll (Spider:2)
  7 blink frogs (Lair:5)
  3 tarantellas
  Grinder (D:3)
  6 jumping spiders
  2 slime creatures (D:12)
  2 wraiths
  2 culicivoras
  10 wyverns
  35 yaks
  19 redbacks
  2 basilisks
  3 steam dragons
  2 swamp worms (Gauntlet)
  2 spectral cane toads (Lair:2)
  A hydra simulacrum (IceCv)
  Duvessa (D:5)
  An acid dragon (D:7)
  14 water moccasins
  A hell hound (Orc:2)
  6 orc warriors
  4 ice beasts
  2 laughing skulls (D:13)
  2 black bears (D:6)
  6 wolves
  9 ogres
  3 boggarts (Gauntlet)
  7 centaurs
  8 bullfrogs
  3 kobold brigands
  A deep troll simulacrum (IceCv)
  5 scorpions
  7 wights (D:7)
  Dowan (D:5)
  5 killer bees (D:9)
  6 electric eels (D:5)
  5 howler monkeys
  8 hounds
  6 orc priests
  A bombardier beetle (D:6)
  2 gnoll boudas
  Jessica (D:2)
  9 orc wizards
  9 iguanas
  4 hell rats (Lair:4)
  Robin (D:2)
  19 gnolls
  3 adders
  A white imp (D:7)
  5 ufetubi
  4 ribbon worms
  3 dart slugs
  11 orcs
  7 bats
  6 endoplasms
  4 giant cockroaches
  6 goblins
  6 hobgoblins
  5 jackals (D:2)
  2 quokkas
  6 ball pythons
  A frilled lizard (D:1)
  8 kobolds
  3 rats
429 creatures vanquished.

Vanquished Creatures (collateral kills)
  Arachne (Spider:3)
  Jorgrun (Orc:1)
  Aizul (Spider:4)
  Louise (D:15)
  A broodmother (Spider:2)
  A very ugly thing (D:15)
  2 spark wasps
  2 entropy weavers
  6 vault guards (D:14)
  5 centaur warriors
  An ogre mage (Orc:2)
  A radroach (Spider:3)
  5 boulder beetles
  2 catoblepae (Lair:4)
  A two-headed ogre (D:10)
  4 death yaks
  2 tengu warriors
  A death scarab (Spider:3)
  4 demonic crawlers
  Nergalle (Orc:2)
  A sixfirhy (Gauntlet)
  7 skeletal warriors (D:14)
  2 sun moths
  An obsidian statue (IceCv)
  3 orb spiders
  A spriggan simulacrum (IceCv)
  3 steelbarb worms
  2 orc knights
  6 orc sorcerers
  4 ugly things
  7 wolf spiders
  2 manticores (D:11)
  2 cyclopes
  A meliai (D:13)
  A kobold blastminer (Orc:1)
  16 elephants
  3 moths of wrath
  3 torpor snails
  5 black mambas
  7 cane toads
  2 rime drakes
  10 komodo dragons
  2 freezing wraiths
  A kobold demonologist (D:10)
  A tengu conjurer (D:15)
  An efreet (D:14)
  Psyche (D:10)
  2 ice devils (IceCv)
  A tyrant leech (Gauntlet)
  A hornet (Lair:5)
  2 trolls
  2 polar bears (Lair:5)
  4 tarantellas
  5 blink frogs (Lair:5)
  12 jumping spiders
  2 vampires
  A shadow (D:9)
  7 culicivoras
  6 slime creatures
  26 yaks
  A wraith (D:14)
  4 fire elementals (Orc:2)
  A basilisk (D:9)
  4 wyverns
  21 redbacks
  A harpy simulacrum (IceCv)
  2 swamp worms (Gauntlet)
  14 water moccasins
  2 hell hounds (Orc:2)
  5 orc warriors
  2 laughing skulls (D:15)
  A wolf (Lair:5)
  8 ogres
  4 centaurs
  4 bullfrogs
  A gnoll sergeant (D:12)
  A scorpion (D:9)
  A deep troll simulacrum (IceCv)
  4 wights (D:9)
  A killer bee (D:9)
  2 howler monkeys (D:10)
  An orc priest (D:9)
  3 iguanas
  16 orc wizards
  5 gnolls
  An ufetubus (Gauntlet)
  A ribbon worm (D:11)
  5 orcs
  A ball python (D:2)
326 creatures vanquished.

Vanquished Creatures (others)
  9 orc apostles
  2 orc warriors
  3 orc priests
  3 orc wizards
  11 orcs
28 creatures vanquished.

Grand Total: 783 creatures vanquished

Notes
Turn   | Place    | Note
-------+----------+-------------------------------------------
     0 | D:1      | Jannitor the Demonspawn Hedge Wizard began the quest for
                  | the Orb.
     0 | D:1      | Reached XP level 1. HP: 13/13 MP: 4/4
    78 | D:1      | Reached skill level 1 in Translocations
   304 | D:1      | Gained mutation: You are partially covered in sharp spines.
                  | [demonic ancestry]
   304 | D:1      | Reached XP level 2. HP: 19/19 MP: 1/6
   741 | D:1      | Found a faded altar of an unknown god.
  1160 | D:1      | Learned a level 2 spell: Call Imp
  1163 | D:1      | Learned a level 2 spell: Blink
  1165 | D:1      | Learned a level 1 spell: Slow
  1293 | D:2      | Reached XP level 3. HP: 25/25 MP: 2/7
  1425 | D:2      | Found an ancient bone altar of Kikubaaqudgha.
  1433 | D:2      | Noticed Jessica
  1454 | D:2      | Killed Jessica
  1560 | D:2      | Reached XP level 4. HP: 27/31 MP: 8/8
  1648 | D:2      | Reached skill level 1 in Fighting
  1656 | D:2      | Noticed Robin
  1661 | D:2      | Killed Robin
  1774 | D:2      | Reached skill level 1 in Hexes
  1813 | D:2      | Learned a level 3 spell: Mephitic Cloud
  1923 | D:3      | Became a worshipper of Beogh the Shepherd
  2006 | D:3      | Reached XP level 5. HP: 35/37 MP: 3/10
  2196 | D:3      | Noticed Sigmund
  2294 | D:3      | Identified the +9 longbow of Theory {freeze, ^Drain +Blink
                  | rF++ rCorr}
  2692 | D:3      | Noticed Grinder
  2711 | D:3      | Killed Grinder
  2712 | D:3      | Reached skill level 3 in Ranged Weapons
  2712 | D:3      | Reached XP level 6. HP: 13/43 MP: 11/11
  3066 | D:4      | Noticed a water moccasin
  3219 | D:4      | Found a faded altar of an unknown god.
  3219 | D:4      | Found a faded altar of an unknown god.
  3221 | D:4      | Found a hazy altar of Hepliaklqana.
  3462 | D:3      | Reached skill level 4 in Ranged Weapons
  3499 | D:4      | Reached XP level 7. HP: 48/48 MP: 12/12
  3518 | D:4      | Found a staircase to the Ecumenical Temple.
  3625 | D:4      | Reached * piety under Beogh
  3874 | D:4      | Reached skill level 5 in Ranged Weapons
  3995 | D:4      | Found an opulent altar of Gozag.
  4147 | D:5      | Entered Level 5 of the Dungeon
  4149 | D:5      | Reached skill level 6 in Ranged Weapons
  4344 | D:5      | Gained mutation: You have sharp fingernails. [demonic
                  | ancestry]
  4344 | D:5      | Reached XP level 8. HP: 54/54 MP: 13/13
  4575 | D:5      | Identified the +6 rapier "Qiagen" {antimagic, rElec rCorr
                  | Int+2}
  4911 | D:5      | Reached skill level 7 in Ranged Weapons
  4911 | D:5      | Noticed Dowan
  4935 | D:5      | Reached skill level 1 in Invocations
  4938 | D:5      | Noticed Duvessa
  4952 | D:5      | Killed Duvessa
  5285 | D:5      | Killed Dowan
  7067 | D:6      | Reached XP level 9. HP: 59/65 MP: 14/14
  7224 | D:6      | Reached ** piety under Beogh
  7321 | D:6      | Reached skill level 5 in Invocations
  7522 | D:6      | Reached skill level 8 in Ranged Weapons
  7907 | D:7      | Found an iron altar of Okawaru.
  8276 | D:7      | Reached skill level 5 in Dodging
  8419 | D:7      | Reached skill level 5 in Fighting
  8421 | D:7      | Found a sparkling altar of Nemelex Xobeh.
  8670 | D:7      | Found an ancient bone altar of Kikubaaqudgha.
  8742 | D:8      | Found a bloodstained altar of Trog.
  8916 | D:7      | Gained mutation: Spells you cast may paralyse adjacent
                  | enemies. [demonic ancestry]
  8916 | D:7      | Reached XP level 10. HP: 42/74 MP: 15/15
  9041 | D:8      | Reached *** piety under Beogh
  9061 | D:8      | Anointed Bogdan the wizard as your apostle
  9173 | D:8      | Reached skill level 1 in Evocations
  9265 | D:8      | Reached skill level 9 in Ranged Weapons
  9450 | D:8      | Identified the +6 short sword of Crawling {drain, Int+3
                  | SInv}
  9670 | D:9      | Identified the +5 great sword "Byodgh" {speed, rElec rF+}
  9670 | D:9      | Noticed Margrim
  9706 | D:9      | Anointed Margrim the warrior as your apostle
  9823 | D:9      | Noticed a two-headed ogre
  9825 | D:9      | Reached **** piety under Beogh
  9828 | D:9      | Your ally Bogdan died
  9831 | D:9      | Killed a two-headed ogre
  9832 | D:9      | Reached XP level 11. HP: 66/84 MP: 16/16
  9896 | D:9      | Found a staircase to the Lair.
  9914 | D:9      | Found a runed translucent gate.
  9915 | D:9      | Found a runed translucent gate.
  9916 | D:9      | Found a runed translucent gate.
  9917 | D:9      | Noticed Pascal76's ghost (novice MiFi)
 10248 | D:9      | Reached skill level 10 in Ranged Weapons
 10248 | D:9      | Reached skill level 5 in Evocations
 10287 | D:9      | Found a burning altar of Makhleb.
 10290 | D:9      | Found a snail-covered altar of Cheibriados.
 10293 | D:9      | Found a shimmering blue altar of Sif Muna.
 10585 | D:10     | Entered Level 10 of the Dungeon
 10630 | D:10     | Found a transporter.
 10631 | D:10     | Noticed a boulder beetle
 10632 | D:10     | Found a stormy altar of Qazlal.
 10636 | D:10     | Found a transporter.
 10636 | D:10     | Noticed a cyan ugly thing
 10707 | D:10     | Noticed a two-headed ogre
 10708 | D:10     | Killed a two-headed ogre
 10965 | D:10     | Noticed Psyche
 10968 | D:10     | Killed Psyche
 11295 | D:11     | Your ally Bogdan died
 11580 | D:11     | Learned a level 5 spell: Borgnjor's Vile Clutch
 11584 | D:11     | Noticed a brown ugly thing
 11590 | D:11     | Killed a brown ugly thing
 11672 | D:11     | Reached skill level 1 in Necromancy
 11851 | D:11     | Found a snail-covered altar of Cheibriados.
 12047 | D:12     | Reached skill level 1 in Earth Magic
 12053 | D:12     | Gained mutation: You have very sharp fingernails. [demonic
                  | ancestry]
 12053 | D:12     | Reached XP level 12. HP: 94/94 MP: 17/17
 12378 | D:12     | Found a staircase to the Orcish Mines.
 12419 | D:12     | Identified the +3 war axe of Welois {elec, *Slow rF+++
                  | rCorr}
 12419 | D:12     | Noticed Murdo
 12435 | D:12     | Anointed Murdo the warrior as your apostle
 12604 | Orc:1    | Entered Level 1 of the Orcish Mines
 12790 | Orc:1    | Found a roughly hewn altar of Beogh.
 12798 | Orc:1    | Noticed Jorgrun
 12805 | Orc:1    | Killed Jorgrun
 12806 | Orc:1    | Reached skill level 11 in Ranged Weapons
 13081 | Orc:2    | Entered Level 2 of the Orcish Mines
 13081 | Orc:2    | Found a staircase to the Elven Halls.
 13186 | Orc:2    | Found Acaw's Armour Boutique.
 13279 | Orc:2    | Bought a +2 scale mail of poison resistance for 306 gold
                  | pieces
 13301 | Orc:2    | Noticed Azrael
 13306 | Orc:2    | Killed Azrael
 13307 | Orc:2    | Reached skill level 5 in Spellcasting
 13309 | Orc:2    | Reached skill level 1 in Armour
 13623 | Orc:2    | Gained mutation: Your system is resistant to poisons.
                  | (rPois) [a neqoxec]
 13686 | Orc:2    | Found Siext's Antique Armour Emporium.
 13710 | Orc:2    | Found a radiant altar of Vehumet.
 13715 | Orc:2    | Noticed an ogre mage
 13730 | Orc:2    | Killed an ogre mage
 13766 | Orc:2    | Noticed Nergalle
 13773 | Orc:2    | Killed Nergalle
 13774 | Orc:2    | Gained mutation: You are mostly covered in sharp spines.
                  | [demonic ancestry]
 13774 | Orc:2    | Reached XP level 13. HP: 103/103 MP: 21/21
 13774 | Orc:2    | Found an ancient bone altar of Kikubaaqudgha.
 13794 | Orc:2    | Found Bihatzera's Jewellery Shoppe.
 13833 | Orc:2    | Found a roughly hewn altar of Beogh.
 13833 | Orc:2    | Found Quomel's Distillery.
 13854 | Orc:2    | Found Itia's Jewellery Emporium.
 13960 | Orc:2    | Reached skill level 10 in Fighting
 13960 | Orc:2    | Reached skill level 5 in Necromancy
 14304 | Orc:2    | Upgraded the game from 0.32-a0-607-g64ea0e4219 to
                  | 0.32-a0-613-g40f424ee2b
 14318 | Orc:2    | Bought the ring of the Dropbear {Will+ Dex+5} for 467 gold
                  | pieces
 14465 | Lair:1   | Entered Level 1 of the Lair of Beasts
 14601 | Lair:1   | Reached ***** piety under Beogh
 15953 | Lair:2   | Found a staircase to the Swamp.
 15961 | Lair:2   | Your ally Bogdan died
 16080 | Lair:2   | You fall into a shaft and drop 1 floor!
 16120 | Lair:3   | Found a gate leading to a gauntlet.
 16130 | Gauntlet | Entered a Gauntlet
 16130 | Gauntlet | Found a transporter.
 16263 | Gauntlet | Found a transporter.
 16265 | Gauntlet | Found a transporter.
 16276 | Gauntlet | Found a transporter.
 16279 | Gauntlet | Found a transporter.
 16283 | Gauntlet | Found a runed translucent door.
 16285 | Gauntlet | Found a runed translucent door.
 16287 | Gauntlet | Found a transporter.
 16308 | Gauntlet | Found a transporter.
 16319 | Gauntlet | Found a transporter.
 16331 | Gauntlet | Found a transporter.
 16353 | Gauntlet | Found a transporter.
 16364 | Gauntlet | Found a transporter.
 16365 | Gauntlet | Found a transporter.
 16413 | Gauntlet | Found a transporter.
 16421 | Gauntlet | Found a runed translucent door.
 16425 | Gauntlet | Found a runed translucent door.
 16427 | Gauntlet | Found a transporter.
 16431 | Gauntlet | Found a runed translucent door.
 16556 | Gauntlet | Reached skill level 5 in Earth Magic
 16867 | Gauntlet | Noticed a minotaur
 16874 | Gauntlet | Killed a minotaur
 16885 | Gauntlet | Got Sif Muna's Thoughts on the Charming Catalyst
 17015 | Lair:3   | Anointed Boderik the warrior as your apostle
 17266 | Lair:3   | Reached skill level 12 in Ranged Weapons
 17389 | Lair:3   | Found a hole to the Spider Nest.
 17401 | Lair:3   | Reached XP level 14. HP: 111/111 MP: 24/24
 18033 | Lair:3   | Reached skill level 5 in Armour
 18604 | Lair:4   | Learned a level 4 spell: Dimensional Bullseye
 18989 | Lair:5   | Entered Level 5 of the Lair of Beasts
 19006 | Lair:5   | Reached ****** piety under Beogh
 19179 | Lair:5   | Your ally Margrim died
 19490 | Lair:5   | Identified the +0 flail of Gozag's Pride {antimagic, *Slow
                  | rC++ rCorr Stlth+}
 20184 | Lair:5   | Identified the +11 long sword of Intuition {pain, *Rage rF+
                  | Int+2 Dex+3}
 20198 | Lair:5   | Your ally Boderik died
 20205 | Lair:5   | Anointed Boghold the warrior as your apostle
 20395 | Lair:5   | Found a viscous altar of Jiyva.
 20410 | Lair:5   | Found a staircase to the Slime Pits.
 20822 | Lair:5   | Identified the beast talisman "Qehawyz" {Dex+2}
 20870 | Lair:5   | Reached XP level 15. HP: 84/120 MP: 19/27
 22717 | D:14     | Reached skill level 5 in Hexes
 23035 | D:14     | Reached skill level 13 in Ranged Weapons
 23035 | D:14     | Reached skill level 5 in Translocations
 23060 | D:14     | Found a sacrificial altar of Ru.
 23153 | D:14     | Found a gate to the Vaults.
 23156 | D:14     | Your ally Boghold died
 23807 | D:15     | Entered Level 15 of the Dungeon
 23918 | D:15     | Found a stormy altar of Qazlal.
 23923 | D:15     | Noticed Louise
 23932 | D:15     | Killed Louise
 24166 | D:15     | Noticed Roxanne
 24275 | D:15     | Reached skill level 1 in Polearms
 24275 | D:15     | Reached skill level 1 in Shields
 24461 | D:15     | Found a staircase to the Depths.
 24639 | D:15     | Identified the +7 quarterstaff "Gesi" {flame, Str+4}
 24860 | D:15     | Learned a level 4 spell: Manifold Assault
 25069 | Spider:1 | Entered Level 1 of the Spider Nest
 25461 | Spider:1 | Reached XP level 16. HP: 54/128 MP: 24/29
 25904 | Spider:1 | Reached skill level 5 in Polearms
 25904 | Spider:1 | Reached skill level 5 in Shields
 26732 | Spider:2 | Identified the +6 ring mail of the Pits of Slime {rF+ Will+
                  | Regen+ Str-2}
 27539 | Spider:3 | Noticed Arachne
 27547 | Spider:3 | Killed Arachne
 28476 | Spider:4 | Entered Level 4 of the Spider Nest
 28552 | Spider:4 | Found a glacial archway.
 28559 | Spider:4 | Identified the serpent talisman of Edetatz {Str-3 Slay+2
                  | SInv Stlth+}
 28559 | Spider:4 | Noticed Aizul
 28565 | Spider:4 | Killed Aizul
 28578 | IceCv    | Entered an ice cave
 28698 | IceCv    | Your ally Margrim died
 28729 | IceCv    | Your ally Boderik died
 28729 | IceCv    | Your ally Boghold died
 28740 | IceCv    | Mangled by a spriggan defender simulacrum

Illustrated notes

Levels and vault maps discovered:
D:1:      giann_wishing_wells, layout_basic, ebering_ecumenical_altar_webs,
          kennysheep_decorative_pillar
D:2:      layout_rooms, basic_altar, palyth_stone_intersect,
          chequers_serial_rivers_marsh, cheibrodos_gnoll_hut, uniq_robin,
          uniq_jessica
D:3:      layout_loops_cross, uniq_grinder, uniq_sigmund
D:4:      layout_basic, nicolae_gozag_seed_capital, zin_academy,
          nicolae_hepliaklqana_ecumenical_no_more,
          minmay_temple_entry_water_ring
D:5:      cheibrodos_two_vegetables, layout_layer_cave, uniq_duvessa
D:6:      kennysheep_steamy, layout_loops_ring, serial_aquarium,
          aquarium_bridge_square [aquarium_subvault_bridge,
          aquarium_subvault_wall, aquarium_subvault_window,
          aquarium_subvault_bridge], aquarium_bridge_long_separate
          [aquarium_subvault_bridge, aquarium_subvault_bridge,
          aquarium_subvault_window, aquarium_subvault_bridge,
          aquarium_subvault_balcony, aquarium_subvault_wall], aquarium_window_2,
          aquarium_window_corner, aquarium_view_2d, aquarium_view_2d,
          aquarium_balcony_double_1
D:7:      layout_basic, kennysheep_okawaru_gauntlet, minitemple
D:8:      layout_cave_pools, mainiacjoe_overflow_boulevard,
          minmay_misc_feat_columns
D:9:      layout_rooms, grunt_temple_overflow_cloverleaf, kennysheep_mini_moat,
          minmay_lair_entry_grove, gammafunk_ghost_spectres,
          kennysheep_minor_cross
D:10:     layout_roguey, gammafunk_temple_overflow_arena, uniq_psyche
D:11:     layout_irregular_city, minivault_21, slow_altar_2
D:12:     layout_cave_pools, kennysheep_orc_monster_closet_entryway
D:13:     layout_stronghold, amcnicky_mini_corridor_feature
D:14:     layout_roguey, erik_vaults_2, nicolae_ru_sacrificial_ziggurat
D:15:     gammafunk_enter_depths_forms, layout_loops_ring,
          grunt_qazlal_sundering, uniq_roxanne, uniq_louise
Lair:1:   layout_hall_layers
Lair:2:   beast_lair_carwin_large_3, layout_gridlike, nicolae_swamp_entry_spooky
Lair:3:   layout_cave_pods, nicolae_spider_entry_lesser_pyramids,
          gauntlet_entry_generic, nicolae_lair_grove_arrangements,
          nicolae_lair_lindhole, grunt_megastairs_4
Lair:4:   layout_hall_layers, serial_bayou_pond_e, nicolae_lair_yak_garden,
          grunt_megastairs_1
Lair:5:   hangedman_lair_tendril_chambers, layout_layer_cave, slime_entry_1,
          grunt_megastairs_2
Spider:1: layout_spider_delve, nicolae_spider_webbed_stairs
Spider:2: layout_spider_delve, drop_trap, nicolae_spider_spiderdrome
Spider:3: layout_spider_delve, drop_trap, uniq_arachne
Spider:4: grunt_spider_rune_circles, portal_ice_cave_entry_pillars_1,
          uniq_agnes, uniq_aizul
Orc:1:    layout_caves, mines2_david, uniq_jorgrun
Orc:2:    kennysheep_orc_mage_school, layout_caves, serial_shops, shop,
          einodemon_barbed_minivault, uniq_azrael
IceCv:    ice_cave_small_demon

Skill      XL: |  1  2  3  4  5  6  7  8  9 10 11 12 13 14 15 16 |
---------------+-------------------------------------------------+-----
Translocations | 1 3 5 |  5.8
Dodging        | 2 4 5 7 8 |  8.9
Fighting       | 1 3 5 7 8 9 10 11 12 | 12.3
Conjurations   | 2 |  2.1
Hexes          | 1 3 6 |  6.1
Summonings     | 2 |  2.0
Ranged Weapons | 3 4 6 7 8 9 10 11 12 13 | 13.1
Invocations    | 4 7 8 |  8.3
Evocations     | 4 6 |  6.2
Necromancy     | 1 4 6 7 |  7.5
Earth Magic    | 1 3 5 6 |  6.2
Spellcasting   | 5 7 8 9 |  9.0
Armour         | 2 4 6 7 8 |  8.4
Polearms       | 4 8 |  8.6
Shields        | 4 8 |  8.6
Stealth        | |  1.8
Air Magic      | |  0.4
Alchemy        | |  0.3

Action                     |  1- 3 |  4- 6 |  7- 9 | 10-12 | 13-15 | 16-18 || total
---------------------------+-------+-------+-------+-------+-------+-------++-------
  Melee: Dagger            |    79 |     2 |       |       |       |       ||    81
         Whip              |       |    33 |       |       |       |       ||    33
         Demon trident     |       |       |       |       |    61 |   195 ||   256
   Fire: Longbow           |       |    29 |   204 |   294 |   535 |       ||  1062
   Cast: Magic Dart        |    41 |    14 |       |       |       |       ||    55
         Call Imp          |     3 |     5 |     2 |       |       |       ||    10
         Mephitic Cloud    |       |     1 |       |       |       |       ||     1
         Blink             |       |     1 |       |     1 |       |       ||     2
         Slow              |       |       |     1 |       |       |     1 ||     2
 Invoke: Convert to Beogh  |       |     1 |       |       |       |       ||     1
         Recruit Apostle   |       |       |       |     3 |     2 |       ||     5
         Recall Apostles   |       |       |       |     2 |    14 |     4 ||    20
         Smiting           |       |       |       |     7 |    13 |    13 ||    33
         Dismiss Apostle   |       |       |       |       |     2 |       ||     2
  Evoke: Wand              |       |       |       |       |     6 |       ||     6
    Use: Scroll            |       |     4 |     6 |     1 |    15 |    12 ||    38
         Potion            |       |       |     2 |     1 |     4 |     4 ||    11
   Stab: Sleeping          |     6 |     1 |       |       |       |       ||     7
         Distracted        |       |       |       |       |       |     3 ||     3
         Confused          |       |       |       |       |       |     1 ||     1
 Armour: Robe              |    49 |    20 |     7 |       |       |       ||    76
         Leather armour    |       |       |    47 |    59 |       |       ||   106
         Scale mail        |       |       |       |    16 |   405 |   179 ||   600
  Dodge: Dodged            |    56 |    28 |    36 |    64 |   200 |   106 ||   490
  Block: Kite shield       |       |       |       |       |    23 |   174 ||   197

Table legend: (Time is in decaauts)
 A = Elapsed time spent in this place.
 B = Non-inter-level travel time spent in this place.
 C = Inter-level travel time spent in this place.
 D = Time resting spent in this place.
 E = Time spent auto-exploring this place.
 F = Levels seen in this place.
 G = Mean time per level.
                   A        B        C        D        E       F      G
               +--------+--------+--------+--------+--------+-----+--------+
         Total |  29132 |  27775 |   1357 |   7129 |  16085 |  28 | 1040.4 |
       Dungeon |  16835 |  15905 |    930 |   4129 |   9337 |  15 | 1122.3 |
          Lair |   5932 |   5653 |    279 |    728 |   4006 |   5 | 1186.4 |
   Spider Nest |   3564 |   3505 |     59 |   1568 |   1299 |   4 |  891.0 |
  Orcish Mines |   1807 |   1719 |     88 |    405 |   1017 |   2 |  903.5 |
      Ice Cave |    162 |    162 |      0 |      8 |    109 |   1 |  162.0 |
      Gauntlet |    831 |    831 |      0 |    291 |    317 |   1 |  831.0 |
               +--------+--------+--------+--------+--------+-----+--------+

Top non-repeatable levels by time:
     D:5: 2730 daAuts
  Lair:5: 2036 daAuts
Spider:1: 1608 daAuts
    D:14: 1600 daAuts
     D:1: 1332 daAuts
     D:3: 1328 daAuts
  Lair:3: 1319 daAuts
   Orc:2: 1319 daAuts
    D:13: 1201 daAuts
     D:9: 1128 daAuts
     D:7: 1107 daAuts
     D:4: 1066 daAuts
    D:15: 1038 daAuts
Spider:2: 982 daAuts
  Lair:2: 980 daAuts
